 Dungeon Crawl Stone Soup version 0.19-a0-1772-g09c4438 (webtiles) character file.

29 zxpr0jk the Slasher (level 3, -5/27 HPs)
             Began as a Demonspawn Gladiator on Oct 3, 2016.
             Slain by Natasha (8 damage)
             ... on level 2 of the Dungeon.
             The game lasted 00:01:52 (700 turns).

zxpr0jk the Slasher (Demonspawn Gladiator)           Turns: 700, Time: 00:01:53

Health: -5/27      AC:  4    Str: 15    XL:     3   Next: 1%
Magic:  3/3        EV: 18    Int:  9    God:
Gold:   32         SH:  0    Dex: 19    Spells: 0 memorised, 2 levels left

rFire  . . .     SeeInvis .     a - +0 long sword
rCold  . . .     Gourm    .     b - +0 leather armour
rNeg   . . .     Faith    .     (no shield)
rPois  .         Spirit   .     c - +0 helmet
rElec  .         Dismiss  .     (no cloak)
rCorr  .         Reflect  .     (no gloves)
MR     .....     Harm     .     (no boots)
Stlth  ++........               (no amulet)
                                (no ring)
                                (no ring)

@: agile, slowed, very slow
A: rot immunity, sturdy frame 1
a: no special abilities


You were on level 2 of the Dungeon.
You were not hungry.

You visited 1 branch of the dungeon, and saw 2 of its levels.

You collected 32 gold pieces.

Inventory:

Hand Weapons
 a - a +0 long sword (weapon)
Missiles
 d - a throwing net (quivered)
Armour
 b - a +0 leather armour (worn)
 c - a +0 helmet (worn)
Scrolls
 e - a scroll of random uselessness {unknown}
 g - a scroll of remove curse {unknown}
 h - a scroll of immolation {unknown}
 i - a scroll of enchant armour {unknown}
 j - a scroll of amnesia {unknown}
 k - a scroll of fear {unknown}
 l - a scroll of identify {unknown}
 m - a scroll of teleportation {unknown}
Comestibles
 f - 2 bread rations


   Skills:
 + Level 2.2 Fighting
 * Level 3.5 Long Blades
 - Level 1.7 Throwing
 + Level 2.8 Dodging


You had 2 spell levels left.
You didn't know any spells.

Dungeon Overview and Level Annotations

Branches:
Dungeon (2/15)

Altars:
Ashenzari

Annotations:
D:2 Natasha


Innate Abilities, Weirdness & Mutations

You are immune to rotting.
Your movements are slightly less encumbered by armour. (ER -2)


Message History

You slash Natasha!
Natasha is almost dead.
The crimson imp hits you.
* * * LOW HITPOINT WARNING * * *
Natasha drinks a potion.
Natasha is healed!
Throwing (i - inventory):
d - 2 throwing nets (quivered)
Press: ? - help, Shift-Dir - straight line, f/p - Natasha
Aim: Natasha (heavily wounded)
You throw a throwing net.
The throwing net closely misses Natasha.
The crimson imp closely misses you. Natasha claws you.
* * * LOW HITPOINT WARNING * * *
Unknown command.
You aren't carrying any potions.
You closely miss Natasha.
Natasha is heavily wounded.
The crimson imp barely misses you.
Natasha drinks a potion.
Natasha is healed!
The crimson imp hits you but does no damage.
Natasha claws you!
You die...

....#..?.....
...............
....#.(....#..#.#
........>.........
..................
.(..#....#.#....#
......5..#.#....#.
......h@..........
.......?..........
................#
.#.##.#..#.#.#.##
#.##.#..#.# #
#.##.#..#.#
#.##.#..#.#
#.#####.........#
>.....................


You could see Natasha and a crimson imp.

Vanquished Creatures
  An ooze (D:1)
  A leopard gecko (D:2)
  3 giant cockroaches (D:1)
  2 goblins
  4 hobgoblins
  5 kobolds
  2 bats (D:1)
  2 frilled lizards
  A rat (D:1)
21 creatures vanquished.

Notes
Turn   | Place    | Note
-------+----------+-------------------------------------------
     0 | D:1      | zxpr0jk the Demonspawn Gladiator began the quest for the Orb.
     0 | D:1      | Reached XP level 1. HP: 16/16 MP: 1/1
    41 | D:1      | Reached skill level 3 in Long Blades
   253 | D:1      | Gained mutation: You are immune to rotting. [demonic ancestry]
   253 | D:1      | Reached XP level 2. HP: 16/22 MP: 2/2
   574 | D:2      | Found a shattered altar of Ashenzari.
   648 | D:2      | Gained mutation: Your movements are slightly less encumbered by armour. (ER -2) [demonic ancestry]
   648 | D:2      | Reached XP level 3. HP: 17/27 MP: 3/3
   687 | D:2      | Noticed Natasha
   700 | D:2      | Slain by Natasha

Vault maps used:
D:1:      tarquinn_simple_flora_water_c, minivault_14
D:2:      dancing_weapons_uskayaw, bloody_trog, lightli_temple_of_fire,
          nicolae_overflow_crystal_walls, lemuel_coloured_pillars_altar,
          evilmike_ruin_ashenzari, uniq_jessica, uniq_iyjb, uniq_natasha

Skill      XL: |  1 |
---------------+----+-----
Long Blades    | 3 |  3.5
Fighting       | |  2.2
Throwing       | |  1.7
Dodging        | |  2.8

Action                   || total
-------------------------++-------
Melee: Long sword        ||    71
Throw: Throwing net      ||     3
  Use: Potion            ||     1
 Stab: Sleeping          ||     1
Armor: Leather armour    ||    17
Dodge: Dodged            ||    45
